 Dungeon Crawl Stone Soup version 0.28-a0-1117-g0bdd5ba030 (webtiles) character file.

Game seed: 10127147459520631411

98 SensoryNuts the Slasher (level 4, -5/34 HPs)
             Began as a Demonspawn Gladiator on Dec 11, 2021.
             Slain by an orc (6 damage)
             ... on level 2 of the Dungeon.
             The game lasted 00:01:57 (1587 turns).

SensoryNuts the Slasher (Demonspawn Gladiator)      Turns: 1587, Time: 00:01:57

Health: -5/34      AC: 13    Str: 16    XL:     4   Next: 44%
Magic:  4/4        EV:  5    Int:  9    God:
Gold:   55         SH:  0    Dex: 15    Spells: 3/3 levels left

rFire   . . .      SeeInvis .   a - +0 long sword
rCold   . . .      Faith    .   (no shield)
rNeg    . . .      Spirit   .   h - +0 plate armour
rPois   .          Reflect  .   c - +0 helmet
rElec   .          Harm     .   (no cloak)
rCorr   .          Rampage  .   (no gloves)
Will    .....                   (no boots)
Stlth   ..........              (no amulet)
HPRegen 0.11/turn               (no ring)
MPRegen 0.09/turn               (no ring)

@: weak-willed
A: icy blue scales 1, foul stench 1
a: no special abilities


You were on level 2 of the Dungeon.
You visited 1 branch of the dungeon, and saw 2 of its levels.

You collected 55 gold pieces.

Inventory:

Hand Weapons
 a - a +0 long sword (weapon)
Missiles
 d - 3 throwing nets (quivered)
Armour
 b - a +0 leather armour
 c - a +0 helmet (worn)
 h - a +0 plate armour (worn)
Scrolls
 f - a scroll of vulnerability
 g - 4 scrolls of noise {unknown}
 i - a scroll of fog {unknown}
Potions
 e - a potion of magic {unknown}
 j - 2 potions of invisibility {unknown}


   Skills:
 + Level 2.3 Fighting
 + Level 3.8 Long Blades
 + Level 1.8 Throwing
 + Level 1.0 Armour
 + Level 3.3 Dodging


You had 3 spell levels left.
You didn't know any spells.
Your spell library was empty.

Dungeon Overview and Level Annotations

Branches:
Dungeon (2/15)

Altars:


Innate Abilities, Weirdness & Mutations

You are partially covered in icy blue scales. (AC +2)
You may rarely emit foul miasma when damaged in melee.


Message History

You slash the jelly!
You kill the jelly!
The orc hits you with a +0 flail. The orc hits you but does no damage.
The orc hits you from afar with a +0 trident.
The orc hits you with a +0 dagger.
Your Armour skill increases to level 1!
You are too injured to fight recklessly!
You are too injured to fight recklessly!
You are too injured to fight recklessly!
You are too injured to fight recklessly!
You are too injured to fight recklessly!
You are too injured to fight recklessly!
You are too injured to fight recklessly!
You are too injured to fight recklessly!
You are too injured to fight recklessly!
You are too injured to fight recklessly!
You are too injured to fight recklessly!
You are too injured to fight recklessly!
You are too injured to fight recklessly!
You are too injured to fight recklessly!
Unknown command.
Sorry, you're not good enough to have a special ability.
Okay, then.
You hit the orc but do no damage. The orc completely misses you.
The orc hits you with a +0 flail. The orc hits you but does no damage.
You hit the orc.
The orc is almost dead.
The orc hits you from afar with a +0 trident.
The orc barely misses you. x2; The orc hits you but does no damage.
You barely miss the orc.
The orc is almost dead.
The orc hits you with a +0 flail.
* * * LOW HITPOINT WARNING * * *
The orc hits you but does no damage.
The orc hits you from afar with a +0 trident!
* * * LOW HITPOINT WARNING * * *
As you read the scroll labelled WOUREU OLUTTI, it crumbles to dust.
Magic quickly surges around you.
It was a scroll of vulnerability.
The orc hits you with a +0 flail.
You die...

..## #.#.)..#.##.#.# ###
#.#.#.....#.#.#
#.#.#.###...#.#
##########.#.#......##.#
#.......##....((#...##.#
+.......+...###.#....#..
#.......#.......#.##.##.
#...(..o#..####...##..#.
#....o.@#..# #######.#.
......oo#..# #.......
.......o'..# #.####..
..?...^.#.## #..
#########.# ##. #.# #.
#.# #. #.# ## ..# #


You could see 5 orcs.

Vanquished Creatures
  A jelly (D:2)
  2 adders (D:2)
  An orc (D:2)
  4 bats (D:1)
  7 endoplasms
  12 giant cockroaches
  3 goblins (D:1)
  3 hobgoblins
  A quokka (D:1)
  3 ball pythons
  2 frilled lizards
  3 kobolds
  4 rats
46 creatures vanquished.

Notes
Turn   | Place    | Note
-------+----------+-------------------------------------------
     0 | D:1      | SensoryNuts the Demonspawn Gladiator began the quest for
                  | the Orb.
     0 | D:1      | Reached XP level 1. HP: 16/16 MP: 1/1
   278 | D:1      | Gained mutation: You may rarely emit foul miasma when
                  | damaged in melee. [demonic ancestry]
   278 | D:1      | Reached XP level 2. HP: 15/22 MP: 2/2
  1114 | D:2      | Gained mutation: You are partially covered in icy blue
                  | scales. (AC +2) [demonic ancestry]
  1114 | D:2      | Reached XP level 3. HP: 20/27 MP: 3/3
  1339 | D:2      | Reached XP level 4. HP: 20/33 MP: 4/4
  1584 | D:2      | Reached skill level 1 in Armour
  1586 | D:2      | HP: 1/34 [orc (7)]
  1587 | D:2      | Slain by an orc

Illustrated notes

Levels and vault maps discovered:
D:1:      erik_arrival_blinker_ship, layout_rooms
D:2:      minmay_roachtagon, layout_basic, ebering_ecumenical_altar_box,
          minmay_tromino_i4

Skill      XL: |  1  2  3  4 |
---------------+-------------+-----
Dodging        | 3 |  3.3
Long Blades    | 3 |  3.8
Armour         | 1 |  1.0
Fighting       | |  2.3
Throwing       | |  1.8

Action                   |  1- 3 |  4- 6 || total
-------------------------+-------+-------++-------
Melee: Long sword        |   110 |    15 ||   125
  Use: Scroll            |       |     1 ||     1
Armor: Leather armour    |    16 |       ||    16
       Plate armour      |    59 |    12 ||    71
Dodge: Dodged            |    62 |     7 ||    69

Table legend: (Time is in decaauts)
 A = Elapsed time spent in this place.
 B = Non-inter-level travel time spent in this place.
 C = Inter-level travel time spent in this place.
 D = Time resting spent in this place.
 E = Time spent auto-exploring this place.
 F = Levels seen in this place.
 G = Mean time per level.
                   A        B        C        D        E       F      G
               +--------+--------+--------+--------+--------+-----+--------+
         Total |   1616 |   1616 |      0 |      0 |   1293 |   2 |  808.0 |
       Dungeon |   1616 |   1616 |      0 |      0 |   1293 |   2 |  808.0 |
               +--------+--------+--------+--------+--------+-----+--------+

Top non-repeatable levels by time:
     D:1: 1039 daAuts
     D:2: 576 daAuts
